 Dungeon Crawl Stone Soup version 0.31-a0-1134-gb247575874 (webtiles) character file.

Game seed: 12619462299428136944

295 Nerd the Covert (level 6, -1/36 HPs)
             Began as a Kobold Brigand on Dec 5, 2023.
             Slain by Blork the orc
             ... wielding a +6 quarterstaff
              (9 damage)
             ... on level 4 of the Dungeon on Dec 12, 2023.
             The game lasted 00:08:10 (2223 turns).

Nerd the Covert (Kobold Brigand)                    Turns: 2223, Time: 00:08:11

Health: -1/36      AC:  9    Str:  8    XL:     6   Next: 61%
Magic:  6/6        EV: 15    Int: 19    God:
Gold:   105        SH:  0    Dex: 20    Spells: 5/5 levels left

rFire   . . .        w - +2 rapier (flame)
rCold   + . .        (no shield)
rNeg    . . .        s - +0 leather armour of Fithah {rC+ Will+ Dex+2}
rPois   .            i - +2 hat
rElec   .            c - +0 cloak
rCorr   .            h - +2 pair of gloves
SInv    .            (no boots)
Will    +....        (no amulet)
Stlth   +++++        q - +6 ring of intelligence
HPRegen 0.26/turn    (no ring)
MPRegen 0.10/turn

%: no passive effects
@: no status effects
A: small, no large weapons, nightstalker 3
a: no special abilities


You were on level 4 of the Dungeon.
You visited 1 branch of the dungeon, and saw 4 of its levels.

You collected 105 gold pieces.

Inventory:

Hand Weapons
 a - a +2 dagger
 k - a +2 dagger of flaming
 w - a +2 rapier of flaming (weapon)
Missiles
 d - 9 poisoned darts (quivered)
 e - 3 curare-tipped darts
 o - 30 stones
Armour
 b - a +0 robe
 c - a +0 cloak (worn)
 h - a +2 pair of gloves (worn)
 i - a +2 hat (worn)
 j - a +0 ring mail
 s - the +0 leather armour of Fithah (worn) {rC+ Will+ Dex+2}
   (You found it on level 4 of the Dungeon)

   Dex+2:     It affects your dexterity (+2).
   rC+:       It protects you from cold.
   Will+:     It increases your willpower.
Jewellery
 q - a +6 ring of intelligence (left hand)
 u - a ring of ice
Talismans
 l - a flux talisman
 t - a maw talisman
Scrolls
 f - 4 scrolls of identify
 n - 2 scrolls of blinking
 p - a scroll of enchant weapon {unknown}
 r - a scroll of teleportation {unknown}
 v - a scroll of vulnerability {unknown}
Potions
 g - a potion of resistance {unknown}
 m - a potion of invisibility {unknown}


   Skills:
 + Level 2.6 Fighting
 + Level 4.2 Short Blades
 + Level 2.3 Throwing
 + Level 0.4 Armour
 + Level 2.7 Dodging
 + Level 8.8 Stealth


You had 5 spell levels left.
You didn't know any spells.
Your spell library contained the following spells:

 Spells                   Type           Power      Damage    Failure   Level
 Freeze                   Ice            0%         1d3       28%         1
 Frozen Ramparts          Ice            0%         1d1       65%         3
 Hailstorm                Conj/Ice       0%         3d5       65%         3


Dungeon Overview and Level Annotations

Branches:
Dungeon (4/15)
 Temple: D:4-7

Altars:
Okawaru
The Shining One

Annotations:
D:4 Blork the orc


Innate Abilities, Weirdness & Mutations

You are small and have problems with some larger weapons.
You are completely attuned to the shadows.


Message History

The helpless ball python fails to defend itself.
You stick the ball python like a pincushion!!!
You burn the ball python.
You kill the ball python!
An ogre comes into view. It is wielding a +0 giant spiked club.
The helpless ogre fails to defend itself.
You spit the ogre like a pig!!! You burn the ogre!
You kill the ogre!
You see here a +0 giant spiked club.
Found a hand axe.
o - 30 stones (gained 3)
Found a stone staircase leading down.
There is a stone staircase leading down here.
v - a scroll labelled DIXKULOLIA You now have 105 gold pieces (gained 5).
You see here a +2 rapier of flaming.
w - a +2 rapier of flaming Your +2 dagger of flaming stops flaming.
Your +2 rapier of flaming bursts into flame!
w - a +2 rapier of flaming (weapon)
Blork the orc comes into view.
He is wielding a +6 quarterstaff.
Found an orange potion.
Blork the orc looks satisfied for a moment.
Blork the orc hits you with a +6 quarterstaff!
You barely miss Blork the orc.
Blork the orc hits you with a +6 quarterstaff!
You hit Blork the orc. You burn Blork the orc.
Blork the orc is lightly wounded.
Blork the orc hits you with a +6 quarterstaff.
You hit Blork the orc. You burn Blork the orc.
Blork the orc is lightly wounded.
Blork the orc hits you with a +6 quarterstaff.
You hit Blork the orc. You burn Blork the orc.
Blork the orc is moderately wounded.
Blork the orc hits you with a +6 quarterstaff!
* * * LOW HITPOINT WARNING * * *
You puncture Blork the orc! You burn Blork the orc.
Blork the orc is severely wounded.
Blork the orc hits you with a +6 quarterstaff!
You die...

..>#....#.###.#..# #######.......
#..#...........### #...).....#.##
#..#....#..##.## #######.#.#.#
#..#....#..##.# #.........#
#..#....##.##.##...# #..##.#.#.#
#.......§#######§..#####.....#.##
........§§.§§§§§§§... #.#.......
...####.§§§§§§§§§#... #.....####
........§§§§§§§§@..!. #.........
.[......§#######o..#####.........
........##..#..#...#.........#...
....##..###.#..#.8.#....##...#.#.
....##.........#...#..>..........
....##..###.#..#####.........#.#.
....##..# #.#........#..##.......
....##..###.#................#.#.
......................)..........


You could see Blork the orc.

Vanquished Creatures
  An ogre (D:4)
  A hound (D:4)
  An orc priest (D:3)
  Terence (D:2)
  2 iguanas (D:4)
  2 adders (D:3)
  A dart slug (D:3)
  8 orcs
  3 bats
  An endoplasm (D:2)
  2 giant cockroaches (D:3)
  3 goblins
  2 hobgoblins
  4 jackals (D:4)
  3 quokkas
  6 ball pythons
  A frilled lizard (D:3)
  2 kobolds
  6 rats
50 creatures vanquished.

Notes
Turn   | Place    | Note
-------+----------+-------------------------------------------
     0 | D:1      | Nerd the Kobold Brigand began the quest for the Orb.
     0 | D:1      | Reached XP level 1. HP: 12/12 MP: 1/1
    17 | D:1      | You fall into a shaft and drop 1 floor!
   251 | D:2      | Noticed Terence
   255 | D:2      | Killed Terence
   256 | D:2      | Reached skill level 6 in Stealth
   256 | D:2      | Reached XP level 2. HP: 18/18 MP: 2/2
   256 | D:2      | Reached XP level 3. HP: 22/22 MP: 3/3
   257 | D:2      | Found a glowing golden altar of the Shining One.
   774 | D:3      | Reached XP level 4. HP: 27/27 MP: 4/4
   842 | D:3      | Reached skill level 7 in Stealth
  1010 | D:3      | Reached XP level 5. HP: 31/31 MP: 5/5
  1465 | D:4      | Found an iron altar of Okawaru.
  1573 | D:4      | Identified the +0 leather armour of Fithah {rC+ Will+
                  | Dex+2}
  1685 | D:4      | Reached skill level 8 in Stealth
  1967 | D:4      | Reached XP level 6. HP: 36/36 MP: 6/6
  2125 | D:4      | Noticed an ogre
  2131 | D:4      | Killed an ogre
  2216 | D:4      | Noticed Blork the orc
  2223 | D:4      | Slain by Blork the orc

Illustrated notes

Levels and vault maps discovered:
D:1:      matt_arrival_grand_opening, layout_rooms, serial_forest,
          infiniplex_forest_clump_long, infiniplex_forest_lined_3,
          infiniplex_forest_straight_3, infiniplex_forest_clump_small,
          infiniplex_forest_side_room, infiniplex_forest_clump_C,
          shapermc_ecumenical_altar_flowoftime, st_stairs_13
D:2:      layout_loops_ring, basic_altar, uniq_terence
D:3:      layout_loops_ring
D:4:      layout_basic, beargit_hepliaklqana_dungeon_heroes,
          general_overflow_altar, mainiacjoe_overflow_surrounded_room,
          nicolae_kite_square_tiling_tiny

Skill      XL: |  1  2  3  4  5 |
---------------+----------------+-----
Stealth        | 6 7 8 |  8.8
Short Blades   | 3 4 |  4.2
Dodging        | 2 |  2.7
Fighting       | |  2.6
Throwing       | |  2.3
Armour         | |  0.4

Action                     |  1- 3 |  4- 6 || total
---------------------------+-------+-------++-------
  Melee: Dagger            |    34 |   101 ||   135
         Punch             |       |     2 ||     2
         Rapier            |       |     5 ||     5
    Use: Scroll            |       |     1 ||     1
   Stab: Sleeping          |    10 |    18 ||    28
         Distracted        |       |     1 ||     1
 Armour: Robe              |    14 |    21 ||    35
         Leather armour    |       |    38 ||    38
  Dodge: Dodged            |    39 |    79 ||   118

Table legend: (Time is in decaauts)
 A = Elapsed time spent in this place.
 B = Non-inter-level travel time spent in this place.
 C = Inter-level travel time spent in this place.
 D = Time resting spent in this place.
 E = Time spent auto-exploring this place.
 F = Levels seen in this place.
 G = Mean time per level.
                   A        B        C        D        E       F      G
               +--------+--------+--------+--------+--------+-----+--------+
         Total |   2198 |   2198 |      0 |      0 |   1568 |   4 |  549.5 |
       Dungeon |   2198 |   2198 |      0 |      0 |   1568 |   4 |  549.5 |
               +--------+--------+--------+--------+--------+-----+--------+

Top non-repeatable levels by time:
     D:4: 841 daAuts
     D:2: 687 daAuts
     D:3: 653 daAuts
     D:1: 17 daAuts
